 Dungeon Crawl Stone Soup version 0.30.0-20-g3615ddf2f0 (webtiles) character file.

Game seed: 10866880770752791792

26 qw the Shield-Bearer (level 3, 0/23 HPs)
             Began as a Gargoyle Fighter on May 29, 2023.
             Slain by a cerulean imp
             ... wielding a +2 spear
             ... summoned by Natasha
              (6 damage)
             ... on level 2 of the Dungeon.
             The game lasted 00:00:24 (810 turns).

qw the Shield-Bearer (Gargoyle Fighter)              Turns: 810, Time: 00:00:25

Health: 0/23       AC: 10    Str: 21    XL:     3   Next: 8%
Magic:  3/3        EV:  9    Int:  8    God:
Gold:   35         SH:  4    Dex:  9    Spells: 2/2 levels left

rFire   . . .        Y - +0 war axe
rCold   . . .        c - +0 buckler
rNeg    + . .        b - +0 scale mail
rPois   inf          (no helmet)
rElec   +            (no cloak)
rCorr   .            (no gloves)
SInv    .            (no boots)
Will    .....        (no amulet) Stlth
                     (no ring)
HPRegen 0.23/turn    (no ring)
MPRegen 0.08/turn

%: no passive effects
@: no status effects
A: sickness immunity, AC +3, negative energy resistance 1, electricity
resistance, torment resistance 1, petrification resistance
a: no special abilities


You were on level 2 of the Dungeon.
You visited 1 branch of the dungeon, and saw 2 of its levels.

You collected 35 gold pieces.


Innate Abilities, Weirdness & Mutations

You are immune to sickness and miasma.
Your stone body is resilient. (AC +3)
You are immune to poison.
You resist negative energy. (rN+)
You are resistant to electric shocks. (rElec)
You are resistant to unholy torment.
You are immune to petrification.


   Skills:
 - Level 3.2 Fighting
 + Level 3.1 Axes
 - Level 3.2 Armour
 - Level 3.2 Shields


You had 2 spell levels left.
You didn't know any spells.
Your spell library was empty.

Inventory:

Hand Weapons
 f - a +0 whip
 Y - a +0 war axe (weapon)
Armour
 b - a +0 scale mail (worn)
 c - a +0 buckler (worn)
Potions
 d - a potion of might
 i - a potion of curing {unknown}

Dungeon Overview and Level Annotations

Branches:
Dungeon (2/15)

Altars:

Annotations:
D:2 Natasha


Message History

749 ||| READING scroll labelled XUTRAA ELAFE.
The air fills with toxic fumes!
As you read the scroll labelled XUTRAA ELAFE, it crumbles to dust.
It was a scroll of poison.
(D) Dungeon
Where to? (* - list waypoints, ? - help)
What level of the Dungeon? (default 1, ? - help)
You see here a ring of poison resistance.
There is a stone staircase leading down here.
You climb downwards.
Natasha hisses angrily.
Found a scroll labelled UHIROALOUGE.
There is a stone staircase leading up here.
Natasha is nearby!
Waypoint 1 assigned to D:2.
You closely miss Natasha.
Natasha mumbles some strange words.
You hit Natasha.
Natasha is moderately wounded.
Natasha claws you.
The cerulean imp hits you from afar with a +2 spear.
Natasha claws you!
You hit Natasha.
Natasha is heavily wounded.
The cerulean imp hits you but does no damage.
Natasha claws you.
You hit Natasha.
Natasha is heavily wounded.
The cerulean imp hits you but does no damage.
Natasha stares at you and mumbles some strange words.
The magic dart hits you. The cerulean imp barely misses you.
You closely miss Natasha.
Natasha is heavily wounded.
Natasha claws you but does no damage.
The cerulean imp hits you but does no damage.
Natasha claws you but does no damage.
You hit Natasha.
Natasha is almost dead.
The cerulean imp hits you from afar with a +2 spear.
You die...

######
#5...#
#.h@<#
#....#
#.....#
#....?#
.......#
..#.....#
.....#.###
##.###.


You could see Natasha and a cerulean imp (summoned).

Vanquished Creatures
  4 endoplasms (D:1)
  2 giant cockroaches (D:1)
  3 goblins (D:1)
  5 hobgoblins (D:1)
  2 kobolds (D:1)
  A quokka (D:1)
  2 bats (D:1)
  2 frilled lizards (D:1)
  A rat (D:1)
22 creatures vanquished.

Notes
Turn   | Place    | Note
-------+----------+-------------------------------------------
     0 | D:1      | qw the Gargoyle Fighter began the quest for the Orb.
     0 | D:1      | Reached XP level 1. HP: 14/14 MP: 1/1
     0 | D:1      | 0 ||| qw: Version: 0.2-a-102-g2b76a06
     0 | D:1      | 0 ||| qw: Game counter: 449
     0 | D:1      | 0 ||| qw: Always use a shield: true
     0 | D:1      | 0 ||| qw: God list: Okawaru
     0 | D:1      | 0 ||| qw: Allow faded altars: false
     0 | D:1      | 0 ||| qw: Do Orc after D:15 true
     0 | D:1      | 0 ||| qw: Do second Lair branch before Depths: true
     0 | D:1      | 0 ||| qw: Lair rune preference: random
     0 | D:1      | 0 ||| qw: Plans: Normal, Zot:1-4, Slime:5, God:TSO, Crypt,
                  | Tomb, Pan, Hells, Abyss, Win
     0 | D:1      | 0 ||| PLANNING D:1-11
   130 | D:1      | Reached XP level 2. HP: 19/19 MP: 2/2
   200 | D:1      | 200 ||| DROPPING +0 club.
   320 | D:1      | 320 ||| Stepping ~*~*~tactically~*~*~ (stealth).
   383 | D:1      | Reached skill level 3 in Axes
   577 | D:1      | Reached XP level 3. HP: 17/23 MP: 3/3
   747 | D:1      | 747 ||| READING scroll labelled EHIPOA CISUMP.
   748 | D:1      | 748 ||| READING scroll labelled DOUHABB QARE.
   749 | D:1      | 749 ||| READING scroll labelled XUTRAA ELAFE.
   803 | D:2      | Noticed Natasha
   808 | D:2      | HP: 5/23 [Natasha/magic dart (3)]
   810 | D:2      | Slain by a cerulean imp

Levels and vault maps discovered:
D:1:      spicycebolla_arrival_ecumenical, layout_loops_ring, st_stairs_3
D:2:      layout_rooms, basic_altar, nicolae_grassy_gnolls, uniq_natasha

Skill      XL: |  1  2 |
---------------+-------+-----
Axes           | 2 3 |  3.1
Fighting       | |  3.2
Armour         | |  3.2
Shields        | |  3.2

Action                     || total
---------------------------++-------
  Melee: War axe           ||    85
    Use: Scroll            ||     3
 Armour: Scale mail        ||    39
  Dodge: Dodged            ||    40
  Block: Buckler           ||    13

Table legend:
 A = Non-vault XP
 B = Vault XP
 C = Vault XP percentage of total XP
 D = Non-vault monster count
 E = Vault monster count
 F = Vault count percentage of total count
                 A         B        C        D         E       F
            +---------+---------+-------+---------+---------+-------
      Total |      34 |       4 |  10.5 |      20 |       2 |   9.1
            +---------+---------+-------+---------+---------+-------
        D:1 |      34 |       4 |  10.5 |      20 |       2 |   9.1
            +---------+---------+-------+---------+---------+-------
